 Dungeon Crawl Stone Soup version 0.26-a0-812-g31a745ddcd (webtiles) character file.

Game seed: 12899366565175529874

788 robertstho the Firebug (level 7, -14/51 HPs)
             Began as a Gnoll Fire Elementalist on Nov 13, 2020.
             Blown up by Maggie (31 damage)
             ... with a disintegration bolt
             ... on level 7 of the Dungeon.
             The game lasted 00:07:30 (3936 turns).

robertstho the Firebug (Gnoll Fire Elementalist)    Turns: 3936, Time: 00:07:31

Health: -14/51     AC:  4    Str: 10    XL:     7   Next: 87%
Magic:  0/15       EV: 15    Int: 20    God:
Gold:   228        SH:  0    Dex: 15    Spells: 4/17 levels left

rFire    . . .     SeeInvis .   s - +0 long sword (holy)
rCold    . . .     Faith    .   (no shield)
rNeg     . . .     Spirit   .   a - +0 robe
rPois    .         Reflect  .   i - +0 helmet (curse)
rElec    .         Harm     .   (no cloak)
rCorr    .         Rampage  .   (no gloves)
MR       .....                  j - +0 pair of boots
Stlth    +++.......             (no amulet)
HPRegen  0.17/turn              (no ring)
MPRegen  0.14/turn              (no ring)

@: lightly drained
A: distributed training, fangs 1, strong nose
a: no special abilities


You were on level 7 of the Dungeon.
You visited 2 branches of the dungeon, and saw 7 of its levels.

You collected 228 gold pieces.

Inventory:

Hand Weapons
 b - a +0 spear
 s - a +0 long sword of holy wrath (weapon)
Missiles
 z - 10 poisoned darts (quivered)
Armour
 a - a +0 robe (worn)
 i - a cursed +0 helmet (worn)
 j - a +0 pair of boots (worn)
Wands
 v - a wand of paralysis (7)
Scrolls
 f - a scroll of fog {unknown}
 g - a scroll of blinking {unknown}
 h - 3 scrolls of remove curse
 l - a scroll of enchant weapon {unknown}
 n - 4 scrolls of identify
 r - a scroll of immolation {unknown}
 t - a scroll of noise
 w - a scroll of silence {unknown}
 x - a scroll of enchant armour {unknown}
 y - a scroll of teleportation {unknown}
Potions
 c - 2 potions of haste {unknown}
 d - a potion of invisibility {unknown}
 e - a potion of attraction {unknown}
 k - 3 potions of mutation {unknown}
 m - 2 potions of might {unknown}
 o - 2 potions of brilliance {unknown}
 p - a potion of curing {unknown}
 q - 3 potions of ambrosia {unknown}
 u - a potion of magic {unknown}
 A - a potion of berserk rage {unknown}
 B - 2 potions of resistance {unknown}


   Skills:
 + Level 2.7(2.5) Fighting
 + Level 2.7(2.5) Short Blades
 + Level 2.7(2.5) Long Blades
 + Level 2.7(2.5) Axes
 + Level 2.7(2.5) Maces & Flails
 + Level 2.7(2.5) Polearms
 + Level 2.7(2.5) Staves
 + Level 2.7(2.5) Slings
 + Level 2.7(2.5) Bows
 + Level 2.7(2.5) Crossbows
 + Level 2.7(2.5) Throwing
 + Level 2.7(2.5) Armour
 + Level 5.4(5.1) Dodging
 + Level 5.0(4.8) Stealth
 + Level 2.7(2.5) Shields
 + Level 2.7(2.5) Unarmed Combat
 + Level 5.7(5.5) Spellcasting
 + Level 3.1(2.9) Conjurations
 + Level 2.2(2.0) Hexes
 + Level 2.2(2.0) Summonings
 + Level 2.2(2.0) Necromancy
 + Level 2.2(2.0) Translocations
 + Level 2.2(2.0) Transmutations
 + Level 5.9(5.7) Fire Magic
 + Level 2.2(2.0) Ice Magic
 + Level 2.2(2.0) Air Magic
 + Level 2.2(2.0) Earth Magic
 + Level 2.2(2.0) Poison Magic
 + Level 3.0(2.8) Invocations
 + Level 2.7(2.5) Evocations


You had 4 spell levels left.
You knew the following spells:

 Your Spells              Type           Power        Failure   Level
a - Foxfire               Conj/Fire      ###.         1%          1
b - Conjure Flame         Conj/Fire      ###.....     5%          3
c - Sticky Flame          Conj/Fire      ###.....     19%         4
d - Fireball              Conj/Fire      ###.......   45%         5

Your spell library contained the following spells:

 Spells                   Type           Power        Failure   Level
 Inner Flame              Hex/Fire       ###.....     7%          3


Dungeon Overview and Level Annotations

Branches:
Dungeon (7/15)             Temple (1/1) D:4

Altars:
Ashenzari
Elyvilon
Fedhas
Gozag
Hepliaklqana
Kikubaaqudgha
Makhleb
Nemelex Xobeh
Okawaru
Qazlal
Ru
Trog
Uskayaw
Vehumet
Wu Jian
Xom
Yredelemnul
Zin
The Shining One

Annotations:
D:7 Maggie


Innate Abilities, Weirdness & Mutations

Your experience applies equally to all skills.
You have very sharp teeth.
Your uncanny sense of smell can sniff out nearby items.


Message History

Confirm with . or Enter, or press ? or * to list all spells.
The spell is quite dangerous to cast (19% risk of failure)!
Continue anyway?
Aiming: Sticky Flame (quite dangerous; 19% risk of failure)
Press: ? - help, Shift-Dir - straight line, f - Maggie
Aim: Maggie, wielding a +1 war axe of draining, wearing +0 acid dragon scales and carrying a wand of disintegration (16) (heavily wounded, mesmerising)
The sticky flame hits Maggie.
Maggie is heavily wounded.
Maggie is covered in liquid flames!
Maggie burns!
The orc wizard mumbles some strange words.
The orc wizard blinks!
Maggie zaps a wand.
You are blasted!
The orc misses you. The orc barely misses you.
Unknown command.
You hit Maggie.
Maggie is severely wounded.
You break out of your daze.
Maggie burns! x2
The orc hits you from afar with a +0 trident!
Maggie zaps a wand.
You are blasted!
Ouch! That really hurt!
You die...

. .. ∆ ...
....##+#########
..§.............
#..oo.<.......
#...@@........
####o#########
#. ##


You could see Maggie (burning) and 3 orcs.

Vanquished Creatures
  Edmund (D:4)
  A sky beast (D:6)
  An ogre (D:4)
  Blork the orc (D:6)
  A bullfrog (D:6)
  A howler monkey (D:6)
  A quasit (D:6)
  2 hounds (D:6)
  A centaur skeleton (D:4)
  Ijyb (D:5)
  A worker ant (D:4)
  4 gnolls (D:5)
  5 adders
  A shadow imp (D:2)
  An ufetubus (D:4)
  2 adder skeletons
  A worm (D:2)
  2 dart slugs
  3 leopard geckos
  10 orcs
  A ball python (D:5)
  5 bats
  3 giant cockroaches
  5 hobgoblins
  A kobold (D:1)
  2 quokkas (D:5)
  2 frilled lizards
  A giant cockroach zombie (D:5)
  A quokka zombie (D:6)
  6 rats
68 creatures vanquished.

Vanquished Creatures (others)
  330 foxfires
330 creatures vanquished.

Grand Total: 398 creatures vanquished

Notes
Turn   | Place    | Note
-------+----------+-------------------------------------------
     0 | D:1      | robertstho the Gnoll Fire Elementalist began the quest for
                  | the Orb.
     0 | D:1      | Reached XP level 1. HP: 13/13 MP: 6/6
   200 | D:1      | Reached XP level 2. HP: 19/19 MP: 3/7
   990 | D:2      | Reached skill level 5 in Spellcasting
   990 | D:2      | Reached XP level 3. HP: 25/25 MP: 0/9
  1199 | D:2      | Reached skill level 1 in Invocations
  1447 | D:2      | Reached skill level 1 in Fighting
  1447 | D:2      | Reached skill level 1 in Short Blades
  1447 | D:2      | Reached skill level 1 in Long Blades
  1447 | D:2      | Reached skill level 1 in Axes
  1447 | D:2      | Reached skill level 1 in Maces & Flails
  1447 | D:2      | Reached skill level 1 in Polearms
  1447 | D:2      | Reached skill level 1 in Staves
  1447 | D:2      | Reached skill level 1 in Slings
  1447 | D:2      | Reached skill level 1 in Bows
  1447 | D:2      | Reached skill level 1 in Crossbows
  1447 | D:2      | Reached skill level 1 in Throwing
  1447 | D:2      | Reached skill level 1 in Armour
  1447 | D:2      | Reached skill level 1 in Shields
  1447 | D:2      | Reached skill level 1 in Unarmed Combat
  1447 | D:2      | Reached skill level 1 in Evocations
  1486 | D:2      | You fall into a shaft and drop 2 floors!
  1546 | D:4      | Found a staircase to the Ecumenical Temple.
  1553 | D:4      | Noticed an ogre
  1564 | D:4      | Killed an ogre
  1564 | D:4      | Reached skill level 1 in Hexes
  1564 | D:4      | Reached skill level 1 in Summonings
  1564 | D:4      | Reached skill level 1 in Necromancy
  1564 | D:4      | Reached skill level 1 in Translocations
  1564 | D:4      | Reached skill level 1 in Transmutations
  1564 | D:4      | Reached skill level 1 in Ice Magic
  1564 | D:4      | Reached skill level 1 in Air Magic
  1564 | D:4      | Reached skill level 1 in Earth Magic
  1564 | D:4      | Reached skill level 1 in Poison Magic
  1564 | D:4      | Reached XP level 4. HP: 15/32 MP: 3/11
  1564 | D:4      | Reached XP level 5. HP: 17/37 MP: 3/12
  1577 | D:4      | Learned a level 3 spell: Conjure Flame
  1582 | D:4      | Learned a level 4 spell: Sticky Flame
  1588 | D:4      | Learned a level 5 spell: Fireball
  1589 | Temple   | Entered the Ecumenical Temple
  2041 | D:4      | Found a white marble altar of Elyvilon.
  2131 | D:4      | Noticed Edmund
  2143 | D:4      | Killed Edmund
  2143 | D:4      | Reached skill level 5 in Dodging
  2143 | D:4      | Reached XP level 6. HP: 44/44 MP: 4/14
  2314 | D:5      | Entered Level 5 of the Dungeon
  2325 | D:5      | Noticed Ijyb
  2511 | D:5      | Paralysed by Ijyb for 4 turns
  2519 | D:5      | Killed Ijyb
  3043 | D:6      | Reached XP level 7. HP: 50/50 MP: 11/15
  3393 | D:6      | Reached skill level 5 in Stealth
  3727 | D:6      | Noticed Blork the orc
  3739 | D:6      | Killed Blork the orc
  3919 | D:7      | Noticed Maggie
  3936 | D:7      | Blown up by Maggie

Illustrated notes

Levels and vault maps discovered:
D:1:      shiori_arrival_maze, layout_basic
D:2:      layout_loops_corners, chequers_ecumenical_altar_simple,
          minmay_pentomino_t2
D:4:      layout_rooms, elyvilon_altar_5, minmay_temple_entry_waves, uniq_edmund
D:5:      layout_rooms, uniq_ijyb
D:6:      layout_rooms, uniq_blork_the_orc
D:7:      layout_basic, slow_altar_1, patterned_corridor,
          uniq_crazy_yiuf_cottage, uniq_maggie, uniq_prince_ribbit1
Temple:   compressed_dpeg_circular_temple

Skill      XL: |  1  2  3  4  5  6  7 |
---------------+----------------------+-----
Conjurations   | 2 3 |  3.1
Spellcasting   | 5 |  5.7
Invocations    | 1 2 3 |  3.0
Fighting       | 1 2 |  2.7
Short Blades   | 1 2 |  2.7
Long Blades    | 1 2 |  2.7
Axes           | 1 2 |  2.7
Maces & Flails | 1 2 |  2.7
Polearms       | 1 2 |  2.7
Staves         | 1 2 |  2.7
Slings         | 1 2 |  2.7
Bows           | 1 2 |  2.7
Crossbows      | 1 2 |  2.7
Throwing       | 1 2 |  2.7
Armour         | 1 2 |  2.7
Shields        | 1 2 |  2.7
Unarmed Combat | 1 2 |  2.7
Evocations     | 1 2 |  2.7
Hexes          | 1 2 |  2.2
Summonings     | 1 2 |  2.2
Necromancy     | 1 2 |  2.2
Translocations | 1 2 |  2.2
Transmutations | 1 2 |  2.2
Ice Magic      | 1 2 |  2.2
Air Magic      | 1 2 |  2.2
Earth Magic    | 1 2 |  2.2
Poison Magic   | 1 2 |  2.2
Dodging        | 5 |  5.4
Stealth        | 5 |  5.0
Fire Magic     | |  5.9

Action                   |  1- 3 |  4- 6 |  7- 9 || total
-------------------------+-------+-------+-------++-------
Melee: Spear             |     6 |       |       ||     6
       Bite              |     2 |     4 |       ||     6
       Long sword        |       |     7 |     1 ||     8
       Punch             |       |     1 |       ||     1
 Cast: Foxfire           |    78 |    64 |    66 ||   208
       Sticky Flame      |       |     3 |     3 ||     6
  Use: Scroll            |       |       |     2 ||     2
 Stab: Sleeping          |     1 |       |       ||     1
Armor: Robe              |     4 |     3 |     8 ||    15
Dodge: Dodged            |     8 |    25 |    20 ||    53
       Rpst.: Long sword |       |     7 |     4 ||    11

Table legend: (Time is in decaauts)
 A = Elapsed time spent in this place.
 B = Non-inter-level travel time spent in this place.
 C = Inter-level travel time spent in this place.
 D = Time resting spent in this place.
 E = Time spent auto-exploring this place.
 F = Levels seen in this place.
 G = Mean time per level.
                   A        B        C        D        E       F      G
               +--------+--------+--------+--------+--------+-----+--------+
         Total |   3937 |   3849 |     88 |    238 |   3081 |   7 |  562.4 |
       Dungeon |   3710 |   3637 |     73 |    238 |   2870 |   6 |  618.3 |
        Temple |    226 |    211 |     15 |      0 |    211 |   1 |  226.0 |
               +--------+--------+--------+--------+--------+-----+--------+

Top non-repeatable levels by time:
     D:1: 977 daAuts
     D:6: 913 daAuts
     D:4: 725 daAuts
     D:5: 568 daAuts
     D:2: 507 daAuts
  Temple: 226 daAuts
     D:7: 17 daAuts
